 Dungeon Crawl Stone Soup version 0.24-a0-434-gd57e52fea8 (webtiles) character file.

Game seed: 9266063444107694475

90 kidcy the Chopper (level 4, 0/40 HPs)
             Began as a Hill Orc Fighter on June 15, 2019.
             Killed from afar by Sigmund (4 damage)
             ... with a puff of flame
             ... on level 2 of the Dungeon.
             The game lasted 00:08:37 (1899 turns).

kidcy the Chopper (Hill Orc Fighter)                Turns: 1899, Time: 00:08:38

Health: 0/40       AC:  7    Str: 23    XL:     4   Next: 56%
Magic:  4/4        EV:  7    Int:  8    God:
Gold:   122        SH:  9    Dex: 11    Spells: 3/3 levels left

rFire    . . .     SeeInvis .   a - +0 war axe
rCold    . . .     Gourm    .   c - +0 shield
rNeg     . . .     Faith    .   b - +0 scale mail
rPois    .         Spirit   .   (no helmet)
rElec    .         Reflect  .   (no cloak)
rCorr    .         Harm     .   (no gloves)
MR       .....                  (no boots)
Stlth    ..........             (no amulet)
HPRegen  0.13/turn              (no ring)
MPRegen  0.09/turn              (no ring)

@: mighty
A: no striking features
a: no special abilities


You were on level 2 of the Dungeon.
You were not hungry.

You visited 1 branch of the dungeon, and saw 2 of its levels.

You collected 122 gold pieces.

Inventory:

Hand Weapons
 a - a +0 war axe (weapon)
Missiles
 t - 12 poisoned darts (quivered)
 v - 3 atropa-tipped darts
Armour
 b - a +0 scale mail (worn)
 c - a +0 shield (worn)
 g - a +0 cloak
Jewellery
 e - an uncursed ring of resist corrosion {unknown}
Scrolls
 h - 2 scrolls of remove curse {unknown}
 i - a scroll of teleportation {unknown}
 k - 2 scrolls of enchant weapon {unknown}
 l - 2 scrolls of enchant armour {unknown}
 m - a scroll of blinking {unknown}
 o - a scroll of fog {unknown}
 q - a scroll of identify {unknown}
 s - a scroll of noise {unknown}
Potions
 d - a potion of might
 j - a potion of lignification {unknown}
 n - a potion of invisibility {unknown}
 p - a potion of haste {unknown}
 r - a potion of cancellation {unknown}
 u - a potion of curing {unknown}
Comestibles
 f - 8 rations


   Skills:
 + Level 4.2 Fighting
 * Level 4.4 Axes
 + Level 3.8 Armour
 + Level 3.8 Shields


You had 3 spell levels left.
You didn't know any spells.
Your spell library was empty.

Dungeon Overview and Level Annotations

Branches:
Dungeon (2/15)

Altars:

Annotations:
D:2 1 runed translucent door, Crazy Yiuf, Sigmund


Message History

A puff of flame appears from out of thin air!
The puff of flame hits you but does no damage.
You miss something. Something hits you but does no damage.
You slash something!
You hear some strange, mumbled words.
Something tries to affect you, but you resist.
You miss something.
You hear a zap.
A puff of flame appears from out of thin air!
The puff of flame hits you.
* * * LOW HITPOINT WARNING * * *
You barely miss something. Something hits you but does no damage.
You barely miss something.
You hear some strange, mumbled words.
Something tries to affect you, but you resist.
Your shield prevents you from hitting something.
You hear a zap.
A puff of flame appears from out of thin air!
The puff of flame hits you.
You die...

#.#......#.#..# ♣♣P....#
#.#...P....##.## ♣♣P..P♣.#
#.###P.PP...#).# ♣♣.♣..P♣.#
#.....P♣♣♣...#.#####♣♣.P♣♣♣♣..#
###...♣..♣♣P.#...........♣P♣.###
##.♣PP.P♣♣P.♣.♣...♣♣♣PP.♣♣....
#.P....♣P.##.......♣P♣♣♣#####
##..P....P.#♣.♣.......'.......
#...♣.......{@........#######.
####....P......♣.♣..###..........
...'....''.........'....>#######.
####....##.....♣.♣..#######...##.
#....##..........# ##.♣P♣P#.
####....##.....♣.♣.## #.♣♣♣♣...
...................######P.P♣♣...
........####.##♣.♣.........P.....
........# #.##......######...##.


There were no monsters in sight!

Vanquished Creatures
  3 adders (D:2)
  An ooze (D:2)
  A worm (D:2)
  A dart slug (D:2)
  A ball python (D:1)
  4 bats
  4 giant cockroaches
  8 goblins
  4 hobgoblins
  4 jackals
  4 quokkas (D:2)
  2 frilled lizards (D:2)
  3 kobolds
  8 rats
48 creatures vanquished.

Notes
Turn   | Place    | Note
-------+----------+-------------------------------------------
     0 | D:1      | kidcy the Hill Orc Fighter began the quest for the Orb.
     0 | D:1      | Reached XP level 1. HP: 19/19 MP: 1/1
    95 | D:1      | Reached XP level 2. HP: 23/27 MP: 2/2
   288 | D:1      | Reached XP level 3. HP: 33/33 MP: 3/3
   448 | D:2      | Noticed Sigmund
  1339 | D:2      | Reached XP level 4. HP: 37/40 MP: 4/4
  1726 | D:2      | Found a runed translucent door.
  1727 | D:2      | Noticed Crazy Yiuf
  1899 | D:2      | Killed from afar by Sigmund

Levels and vault maps discovered:
D:1:      dpeg_arrival_erosion, layout_rooms, minmay_tripent
D:2:      wander_river, layout_basic, serial_forest, infiniplex_forest_clump_C,
          infiniplex_forest_lined_ring, infiniplex_forest_end_double,
          infiniplex_forest_lined_4_way, infiniplex_forest_clump_small,
          infiniplex_forest_lined_3, uniq_crazy_yiuf_cottage, uniq_sigmund

Skill      XL: |  1  2  3 |
---------------+----------+-----
Axes           | 3 4 |  4.4
Fighting       | 4 |  4.2
Armour         | |  3.8
Shields        | |  3.8

Action                   |  1- 3 |  4- 6 || total
-------------------------+-------+-------++-------
Melee: War axe           |    98 |    53 ||   151
  Use: Potion            |       |     1 ||     1
  Eat: Chunk             |     1 |     2 ||     3
Armor: Scale mail        |    45 |    17 ||    62
Dodge: Dodged            |    37 |    18 ||    55
Block: Shield            |    50 |    19 ||    69

Table legend:
 A = Non-vault XP
 B = Vault XP
 C = Vault XP percentage of total XP
 D = Non-vault monster count
 E = Vault monster count
 F = Vault count percentage of total count
                 A         B        C        D         E       F
            +---------+---------+-------+---------+---------+-------
      Total |     125 |       4 |   3.1 |      46 |       2 |   4.2
            +---------+---------+-------+---------+---------+-------
        D:1 |      31 |       4 |  11.4 |      19 |       2 |   9.5
        D:2 |      94 |       0 |   0.0 |      27 |       0 |   0.0
            +---------+---------+-------+---------+---------+-------
